Map: Abiogenesis LE

Players

MrAvanpost

  • Race: Terran Terran
  • League: Platinum
  • Spawn Location: 11:00

axu - Winner!

  • Race: Protoss Protoss
  • League: Platinum
  • Spawn Location: 5:00

VOD

Have the link to the VOD?

Description

Time

  • Played on: March 27, 2018, 1:13 p.m.
  • Length: 9:22
Show
View Real Time Build Order
Export as new Build Order

MrAvanpost Terran 

Build Orders:  

Get SALT Encoding   

  12  0:03  SCV  
  13  0:15  SCV  
  13  0:18  Supply Depot  
  14  0:27  SCV  
  15  0:48  SCV  
  16  0:54  Supply Depot  
  16  1:00  Barracks, SCV  
  17  1:15  Barracks  
  17  1:19  Barracks  
  17  1:26  SCV  
  18  1:38  SCV  
  19  1:41  Supply Depot  
  19  1:47  Marine  
  19  1:49  Barracks  
  20  2:02  Marine  
  20  2:07  Bunker  
  20  2:08  Marine  
  22  2:19  Supply Depot  
  22  2:20  Marine  
  23  2:26  Marine  
  24  2:37  Marine  
  24  2:40  Bunker  
  24  2:43  Marine  
  26  2:44  Bunker  
  26  2:45  Marine  
  27  2:55  Marine  
  28  3:01  Marine  
  28  3:03  Marine  
  30  3:13  Marine  
  30  3:19  Marine  
  32  3:21  Marine  
  33  3:31  Marine  
  34  3:37  Marine  
  34  3:39  Marine  
  35  3:49  Command Center, Marine  
  35  3:55  Marine  
  36  3:56  Marine  
  36  4:06  Marine  
  34  4:12  Marine  
  34  4:14  Marine  
  35  4:24  Marine  
  35  4:30  Marine  
  36  4:32  Marine  
  37  4:42  Marine  
  36  4:48  Marine  
  33  5:02  Marine  
  33  5:03  Marine  
  33  5:06  Marine  
  32  5:20  Marine  
  29  5:21  Marine  
  29  5:23  SCV  
  29  5:24  Marine, SCV  
  32  5:35  SCV  
  32  5:36  SCV  
  32  5:38  Marine  
  32  5:39  Marine  
  32  5:42  Marine  
  36  5:47  SCV  
  36  5:48  SCV  
  37  5:52  Barracks  
  37  5:56  Marine  
  37  5:57  Marine  
  37  5:59  Marine, SCV  
  37  6:00  SCV  
  40  6:12  SCV  
  40  6:14  Marine  
  40  6:15  Marine  
  40  6:17  Marine  
  40  6:24  SCV  
  41  6:31  Marine  
  36  6:32  Marine  
  36  6:35  Marine  
  36  6:39  SCV x2  
  36  6:49  Marine  
  36  6:50  Marine  
  36  6:51  SCV x2  
  36  6:52  Barracks, Supply Depot x2  
  36  6:53  Barracks x2, Marine  
  38  7:03  SCV  
  38  7:07  Marine, SCV  
  38  7:08  Marine  
  38  7:15  SCV  
  38  7:27  SCV  
  36  7:42  Marine x3  
  39  7:46  Bunker  
  39  7:59  Marine  
  39  8:00  Marine  
  39  8:02  Marine  
  39  8:03  Command Center  
  41  8:09  Bunker  
  41  8:13  Barracks  
  41  8:17  Marine  
  41  8:18  Marine  
  43  8:20  Marine  
  36  8:35  Marine  
  36  8:37  Barracks  
Show
View Real Time Build Order
Export as new Build Order

axu Protoss - Winner!

Build Orders: 1 Gate Expand 

Get SALT Encoding   

  12  0:01  Probe  
  13  0:13  Probe  
  14  0:23  Pylon  
  14  0:28  Probe  
  15  0:41  Probe  
  16  0:46  Gateway  
  16  0:55  Probe  
  17  1:00  Assimilator  
  17  1:13  Probe (Chrono Boost)  
  18  1:25  Probe (Chrono Boost)  
  19  1:40  Nexus  
  19  1:43  Probe (Chrono Boost)  
  19  1:45  Cybernetics Core  
  20  1:47  Assimilator  
  20  1:50  Pylon  
  20  1:58  Probe (Chrono Boost)  
  21  2:10  Probe  
  21  2:15  Warp Gate (Chrono Boost)  
  22  2:22  Adept, Probe  
  25  2:34  Probe  
  26  2:37  Gateway  
  26  2:40  Gateway  
  26  2:46  Probe  
  27  2:56  Stalker  
  29  3:00  Shield Battery  
  29  3:08  Pylon  
  29  3:12  Gateway  
  29  3:25  Stalker  
  29  3:26  Stalker  
  33  3:28  Stalker  
  35  3:36  Pylon  
  31  4:22  Robotics Facility  
  25  4:33  Stalker x3  
  27  5:06  Stalker x3  
  31  5:10  Immortal  
  31  5:34  Stalker  
  31  5:35  Stalker x2  
  37  5:39  Pylon  
  37  5:42  Pylon  
  31  6:09  Stalker x3  
  31  6:40  Stalker  
  31  6:41  Stalker x2  
  31  7:07  Immortal  
  35  7:25  Nexus  
  35  7:38  Stalker x2  
  40  7:44  Probe (Chrono Boost)  
  40  7:55  Probe (Chrono Boost)  
  40  8:00  Probe (Chrono Boost)  
  41  8:12  Probe  
  42  8:19  Pylon  
  42  8:24  Probe  
Tags
 
Add a new tag
Caveats
  • Supply blocks, unpowered buildings, or Contaminate may cause inaccurate times.
  • Supply counts are checked every 10 seconds.